 Dungeon Crawl Stone Soup version 0.27-a0-1291-geefcff550b (webtiles) character file.

Game seed: 17511591721878676688

14725 Zonian the Destroyer (level 12, 0/70 HPs)
             Began as a Tengu Conjurer on June 16, 2021.
             Was a Believer of Vehumet.
             Slain by a cane toad (13 damage)
             ... on level 1 of the Lair of Beasts.
             The game lasted 00:45:42 (26470 turns).

Zonian the Destroyer (Tengu Conjurer)              Turns: 26470, Time: 00:45:46

Health: 0/70       AC:  7    Str:  8    XL:     12   Next: 19%
Magic:  15/33      EV: 22    Int: 22    God:    Vehumet [**....]
Gold:   110        SH:  0    Dex: 14    Spells: 11/26 levels left

rFire    . . .     SeeInvis .   o - +3 short sword (speed)
rCold    . . .     Faith    .   (no shield)
rNeg     + . .     Spirit   .   X - +2 robe {rN+}
rPois    +         Reflect  .   (helmet restricted)
rElec    .         Harm     .   C - +1 cloak
rCorr    .         Rampage  +   T - +0 pair of gloves "Esalewut" {Rampage rPois}
Will     .....                  (boots unavailable)
Stlth    ++++......             (no amulet)
HPRegen  0.21/turn              g - +4 ring of evasion
MPRegen  0.23/turn              j - ring of magical power

@: flying quickly and evasively, quick
A: beak, talons 3, nimble flight
a: Renounce Religion


You were on level 1 of the Lair of Beasts.
You worshipped Vehumet.
Vehumet was pleased with you.
You visited 3 branches of the dungeon, and saw 13 of its levels.
You also visited: Ossuary.

You collected 692 gold pieces.
You spent 582 gold pieces at shops.

Inventory:

Hand Weapons
 a - a +4 lajatang of flaming
 b - a +1 dagger of venom
 o - a +3 short sword of speed (weapon)
 s - a +2 dagger of electrocution
 u - a +2 flail of protection
 v - a +4 rapier
 z - a +5 flail of holy wrath
 K - a +5 vorpal dagger
 L - a +2 war axe
 O - a +1 trident of pain
 Z - a +4 trident of venom
Missiles
 f - 39 poisoned darts
 n - 5 silver javelins
 w - 31 sling bullets
 E - 10 curare-tipped darts
 P - 5 javelins
Armour
 A - a +0 leather armour
 C - a +1 cloak (worn)
 G - the +2 leather armour of the Farmer {Harm Rampage rPois Will++}
   (You bought it in a shop on level 6 of the Dungeon)

   It protects you from poison.
   It increases damage dealt and taken.
   It bestows one free step when moving towards enemies.
   It greatly increases your willpower.
 T - the +0 pair of gloves "Esalewut" (worn) {Rampage rPois}
   (You acquired it on level 10 of the Dungeon)

   It protects you from poison.
   It bestows one free step when moving towards enemies.
 X - a +2 robe of positive energy (worn)
Jewellery
 g - a +4 ring of evasion (left hand)
 j - a ring of magical power (right hand)
 l - a ring of ice
 S - a +6 ring of dexterity
Wands
 D - a wand of digging (6)
 I - a wand of iceblast (4)
 N - a wand of flame (5)
 R - a wand of polymorph (7)
Scrolls
 e - 5 scrolls of magic mapping
 F - 3 scrolls of blinking
 Q - a scroll of fear
 U - a scroll of enchant armour
 V - 2 scrolls of identify
Potions
 c - 7 potions of curing
 d - 3 potions of brilliance
 h - 6 potions of flight
 i - 2 potions of mutation {unknown}
 m - 6 potions of invisibility
 p - a potion of degeneration
 q - 3 potions of lignification
 r - a potion of magic
 t - 3 potions of might
 x - 3 potions of resistance
 B - a potion of cancellation
 H - a potion of haste
 M - 2 potions of attraction
 W - a potion of ambrosia
Miscellaneous
 k - a lightning rod (inert)


   Skills:
 + Level 6.0 Fighting
 - Level 5.9 Short Blades
 + Level 2.0 Polearms
 + Level 7.2 Dodging
 + Level 7.6 Stealth
 + Level 7.8 Spellcasting
 + Level 11.5 Conjurations
 + Level 8.0 Necromancy
 + Level 2.4 Air Magic
 + Level 0.8 Poison Magic
 + Level 5.6 Evocations


You had 11 spell levels left.
You knew the following spells:

 Your Spells              Type           Power      Damage    Failure   Level
a - Magic Dart            Conj           100%       1d8       1%          1
b - Searing Ray           Conj           100%       3d7       1%          2
c - Vampiric Draining     Necr           21%        2d9       1%          3
d - Animate Dead          Necr           21%        N/A       2%          4
e - Static Discharge      Conj/Air       39%        N/A       1%          2
f - Mephitic Cloud        Conj/Pois/Air  30%        N/A       3%          3

Your spell library contained the following spells:

 Spells                   Type           Power      Damage    Failure   Level
 Frozen Ramparts          Ice            16%        1d3       22%         3
 Animate Skeleton         Necr           86%        N/A       1%          1
 Foxfire                  Conj/Fire      100%       2x1d9     1%          1
 Pain                     Necr           100%       1d9       1%          1
 Conjure Flame            Conj/Fire      33%        6-21      2%          3
 Dazzling Flash           Conj/Hex       66%        N/A       2%          3
 Sting                    Tmut/Pois      40%        1d5       6%          1
 Poisonous Vapours        Pois/Air       30%        N/A       6%          2
 Fulminant Prism          Conj/Hex       16%        3d11      7%          4
 Iskenderun's Mystic Bla  Conj/Tloc      33%        2d8       7%          4
 Sticky Flame             Conj/Fire      33%        2d5       7%          4
 Apportation              Tloc           16%        N/A       8%          1
 Corona                   Hex            8%         N/A       8%          1
 Summon Small Mammal      Summ           32%        N/A       8%          1
 Agony                    Necr           43%        N/A       8%          5
 Ensorcelled Hibernation  Hex/Ice        16%        N/A       12%         2
 Ignite Poison            Fire/Tmut/Pois 9%         N/A       21%         3
 Fireball                 Conj/Fire      16%        3d8       21%         5
 Confusing Touch          Hex            8%         N/A       22%         3
 Inner Flame              Hex/Fire       8%         N/A       22%         3
 Tukima's Dance           Hex            8%         N/A       22%         3
 Borgnjor's Vile Clutch   Necr/Erth      13%        N/A       38%         5
 Death Channel            Necr           21%        N/A       41%         6
 Olgreb's Toxic Radiance  Pois           12%        N/A       47%         4
 Simulacrum               Ice/Necr       13%        N/A       92%         6


Dungeon Overview and Level Annotations

Branches:
Dungeon (11/15)            Temple (1/1) D:7            Lair (1/6) D:11
    Orc (0/2) D:11        Ossuary (visited)

Altars:
Ashenzari
Cheibriados
Dithmenos
Elyvilon
Fedhas
Gozag
Hepliaklqana
Makhleb
Nemelex Xobeh
Okawaru
Qazlal
Ru
Sif Muna
Trog
Uskayaw
Vehumet
Wu Jian
Xom
Yredelemnul
Zin
The Shining One
Lugonu

Shops:
D:6 [   D:7 (:   D:10 !

Annotations:
D:2 1 runed translucent door, Crazy Yiuf
D:3 3 runed translucent doors, Zonian's ghost, weakling HuCj


Innate Abilities, Weirdness & Mutations

You have a beak for a mouth.
You have claws for feet.
Your magical nature lets you fly swiftly and evasively.


Message History

The cane toad barely misses you.
Unknown command.
The searing ray misses the cane toad.
You finish channeling your searing ray.
The cane toad stings you but does no damage.
Unknown command.
Casting: Searing Ray (safe; 1% risk of failure)
Confirm with . or Enter, or press ? or * to list all spells.
Aiming: Searing Ray (safe; 1% risk of failure)
Press: ? - help, Shift-Dir - straight line, f/p - cane toad
Aim: a cane toad (severely wounded, 85% to hit)
The searing ray hits the cane toad.
The cane toad is severely wounded. (Press . to maintain the ray.)
The cane toad closely misses you. The cane toad stings you!
* * * LOW HITPOINT WARNING * * *
The searing ray misses the cane toad.
The cane toad barely misses you.
Unknown command.
The searing ray misses the cane toad.
The cane toad stings you!
* * * LOW HITPOINT WARNING * * *
Unknown command.
You feel better. The cane toad misses you.
Aiming: Thunderbolt
Press: ? - help, Shift-Dir - straight line, f/p - cane toad
Aim: a cane toad (severely wounded)
The thunderbolt hits the cane toad!
The cane toad is almost dead.
The lightning rod overheats!
You hear an angry growl.
A bullfrog comes into view.
The cane toad misses you.
Casting: Searing Ray (safe; 1% risk of failure)
Confirm with . or Enter, or press ? or * to list all spells.
Aiming: Searing Ray (safe; 1% risk of failure)
Press: ? - help, Shift-Dir - straight line, f/p - cane toad
Aim: a cane toad (almost dead, 85% to hit)
The searing ray hits the cane toad.
The cane toad is almost dead. (Press . to maintain the ray.)
The cane toad stings you!
You die...

. .# ..? ...P
..... ###......
###@.......
...#.##.†F†>....#
#.F...<...##.#.#
..........#.....
##.#.............
# #......P##...
.(......## #F.
P#.##..... .. .
.. ##P....


You could see a cane toad and a bullfrog.

Vanquished Creatures
  A hydra (D:11)
  A two-headed ogre (D:11)
  A death yak (D:10)
  Pikel (D:5)
  An ugly thing (D:7)
  2 cyclopes
  A rime drake (shapeshifter) (D:11)
  Psyche (D:8)
  3 trolls (D:11)
  3 meliai
  2 hornets (D:9)
  Sigmund (D:5)
  2 wyverns
  A wraith (D:11)
  A shadow (D:9)
  5 yaks
  A vampire (D:10)
  4 vampire mosquitoes
  Grum (D:8)
  Menkaure (D:4)
  Edmund (D:5)
  An acid dragon (D:9)
  A water moccasin (Lair:1)
  A hornet zombie (D:6)
  7 orc warriors
  2 sky beasts (D:7)
  2 ice beasts (D:6)
  A necrophage (D:6)
  4 centaurs
  10 wolves
  5 ogres
  2 phantoms
  2 lemures (D:5)
  4 bullfrogs
  A gnoll sergeant (D:11)
  2 scorpions
  2 water moccasin zombies (Ossuary)
  16 killer bees
  8 wights (D:8)
  4 howler monkeys (D:9)
  A bullfrog zombie (D:6)
  8 orc priests
  4 centaur zombies
  A jelly (D:6)
  A bullfrog skeleton (D:6)
  A hound (D:4)
  A centaur skeleton (D:6)
  A scorpion zombie (D:5)
  An iguana (D:4)
  7 orc wizards
  A hound skeleton (D:4)
  A howler monkey zombie (D:9)
  2 mummies (Ossuary)
  5 gnolls (D:11)
  5 adders
  2 shadow imps
  3 white imps
  An ufetubus (D:4)
  8 adder zombies (Ossuary)
  5 worms
  6 dart slugs
  36 orcs
  2 ball pythons
  7 endoplasms
  3 giant cockroaches
  6 goblins
  6 hobgoblins
  9 jackals
  3 quokkas
  5 bats
  4 frilled lizards
  5 gnoll zombies (Ossuary)
  5 hobgoblin zombies (Ossuary)
  6 kobolds
  5 kobold zombies (Ossuary)
  5 orc zombies (Ossuary)
  10 rats
292 creatures vanquished.

Vanquished Creatures (others)
  A killer bee (D:8)
  A plant (D:7)
2 creatures vanquished.

Grand Total: 294 creatures vanquished

Notes
Turn   | Place    | Note
-------+----------+-------------------------------------------
     0 | D:1      | Zonian the Tengu Conjurer began the quest for the Orb.
     0 | D:1      | Reached XP level 1. HP: 10/10 MP: 4/4
   354 | D:1      | Reached XP level 2. HP: 10/15 MP: 0/6
   457 | D:1      | Learned a level 2 spell: Searing Ray
   757 | D:1      | Reached skill level 6 in Conjurations
  1275 | D:2      | Reached XP level 3. HP: 19/19 MP: 0/7
  2352 | D:2      | Learned a level 3 spell: Vampiric Draining
  2415 | D:2      | Reached XP level 4. HP: 24/24 MP: 0/9
  3325 | D:2      | Found a runed translucent door.
  3326 | D:2      | Noticed Crazy Yiuf
  3605 | D:3      | Reached skill level 1 in Necromancy
  3803 | D:3      | Gained mutation: Your magical nature lets you fly swiftly
                  | and evasively. [Tengu growth]
  3803 | D:3      | Reached XP level 5. HP: 28/28 MP: 5/10
  4106 | D:3      | Noticed Zonian's ghost (weakling HuCj)
  4106 | D:3      | Noticed a kobold brigand
  4107 | D:3      | Found a runed translucent gate.
  4107 | D:3      | Found a runed translucent gate.
  4107 | D:3      | Found a runed translucent gate.
  5129 | D:4      | Noticed Menkaure
  5133 | D:4      | Killed Menkaure
  5134 | D:4      | Reached skill level 7 in Conjurations
  5134 | D:4      | Reached XP level 6. HP: 18/33 MP: 6/12
  6888 | D:5      | Entered Level 5 of the Dungeon
  6905 | D:5      | Noticed Pikel
  7136 | D:5      | Noticed Sigmund
  7177 | D:4      | Reached XP level 7. HP: 27/37 MP: 7/14
  7724 | D:5      | Killed Pikel
  7725 | D:5      | Reached skill level 1 in Fighting
  7725 | D:5      | Reached skill level 5 in Spellcasting
  7725 | D:5      | Reached skill level 8 in Conjurations
  7725 | D:5      | Reached XP level 8. HP: 43/43 MP: 6/16
  8296 | D:5      | Noticed Edmund
  8307 | D:5      | Killed Edmund
  8689 | D:5      | Reached skill level 9 in Conjurations
  8892 | D:5      | Reached skill level 1 in Short Blades
  9106 | D:5      | Killed Sigmund
  9541 | D:6      | Reached skill level 1 in Evocations
  9541 | D:6      | Reached XP level 9. HP: 37/48 MP: 18/18
  9644 | D:6      | Reached skill level 5 in Necromancy
 11522 | D:6      | Found Oppeq Mumug's Antique Armour Shop.
 11529 | D:6      | Bought a bloodstained leather armour for 140 gold pieces
 11529 | D:6      | Identified the +2 leather armour of the Farmer {Harm
                  | Rampage rPois Will++} (You bought it in a shop on level 6
                  | of the Dungeon)
 11989 | D:7      | Found a white marble altar of Elyvilon.
 12081 | D:7      | Found Eclaagud's Hydra Hut.
 12100 | D:7      | Noticed a seven-headed hydra
 12123 | D:7      | Found a sand-covered staircase.
 12123 | D:7      | Noticed a cyan ugly thing
 12136 | D:7      | Killed a cyan ugly thing
 12137 | D:7      | Reached skill level 5 in Stealth
 12160 | Ossuary  | Entered an ossuary
 13219 | D:7      | Found Detor's Book Shoppe.
 13298 | D:7      | Reached XP level 10. HP: 50/56 MP: 12/20
 13331 | D:7      | Reached skill level 10 in Conjurations
 13596 | D:7      | Found a staircase to the Ecumenical Temple.
 13618 | Temple   | Entered the Ecumenical Temple
 13743 | D:7      | Found a glowing golden altar of the Shining One.
 13744 | D:7      | Found a shimmering blue altar of Sif Muna.
 14177 | D:8      | Noticed Grum
 14184 | D:7      | Reached skill level 5 in Dodging
 15409 | D:8      | Killed Grum
 17083 | D:8      | Found a stormy altar of Qazlal.
 17421 | Temple   | Became a worshipper of Vehumet
 17696 | D:8      | Learned a level 4 spell: Animate Dead
 17715 | D:8      | Found a burning altar of Makhleb.
 18033 | D:8      | Noticed Psyche
 18041 | D:8      | Killed Psyche
 18593 | D:9      | Reached XP level 11. HP: 25/62 MP: 22/22
 19014 | D:9      | Found a sacrificial altar of Ru.
 19040 | D:9      | Paralysed by a hornet for 1 turns
 19044 | D:9      | Reached skill level 5 in Short Blades
 19263 | D:9      | Found a sparkling altar of Nemelex Xobeh.
 19300 | D:9      | Reached * piety under Vehumet
 19300 | D:9      | Offered knowledge of Sandblast by Vehumet.
 19681 | D:9      | Found a shadowy altar of Dithmenos.
 19681 | D:9      | Found an ornate altar of the Wu Jian Council.
 19681 | D:9      | Found a broken altar of Ashenzari.
 19686 | D:9      | Found an opulent altar of Gozag.
 19688 | D:9      | Found a bloodstained altar of Trog.
 20682 | D:10     | Entered Level 10 of the Dungeon
 20743 | D:10     | Noticed a cyclops
 20751 | D:10     | Killed a cyclops
 20752 | D:10     | Reached skill level 5 in Fighting
 20757 | D:10     | Identified a scroll of acquirement
 20775 | D:10     | Acquired the +0 pair of gloves "Esalewut" {Rampage rPois}
 21187 | D:10     | Found Loacs's Distillery.
 21484 | D:9      | Reached skill level 11 in Conjurations
 22798 | D:11     | Noticed a five-headed hydra
 22805 | D:11     | Killed a five-headed hydra
 22805 | D:11     | Noticed a two-headed ogre
 23409 | D:11     | Reached skill level 5 in Evocations
 23924 | D:11     | Noticed a death yak
 23925 | D:11     | Offered knowledge of Static Discharge by Vehumet.
 23926 | D:11     | Reached ** piety under Vehumet
 23933 | D:11     | Noticed a death yak
 24557 | D:11     | Noticed a death yak
 24668 | D:7      | Bought a +1 lajatang of flaming for 442 gold pieces
 24683 | D:7      | Learned a level 2 spell: Static Discharge
 24816 | D:11     | Noticed a death yak
 24820 | D:11     | Noticed a death yak
 24865 | D:10     | Killed a death yak
 24866 | D:10     | Reached skill level 1 in Air Magic
 25398 | D:11     | Reached skill level 1 in Polearms
 25580 | D:11     | Killed a two-headed ogre
 25581 | D:11     | Reached XP level 12. HP: 69/69 MP: 23/24
 25828 | D:11     | Found a staircase to the Orcish Mines.
 25997 | D:11     | Learned a level 3 spell: Mephitic Cloud
 26107 | D:11     | Noticed a death yak
 26396 | D:11     | Found a staircase to the Lair.
 26445 | Lair:1   | Entered Level 1 of the Lair of Beasts
 26458 | Lair:1   | Offered knowledge of Frozen Ramparts by Vehumet.
 26467 | Lair:1   | HP: 2/70 [cane toad (11)]
 26470 | Lair:1   | Slain by a cane toad

Illustrated notes

Levels and vault maps discovered:
D:1:      ncdulo_watergridlock, layout_basic, st_stairs_6, minmay_tall_x
D:2:      wad_crossroads, layout_basic, uniq_crazy_yiuf_cottage
D:3:      layout_loops_ring, nicolae_overflow_hidden_temple,
          gammafunk_ghost_nasty_kobolds, dk_noncrumbling_2,
          minmay_misc_feat_five, minmay_checkerbox
D:4:      layout_rooms, minmay_misc_feat_plants, roderic_serpentine_path,
          minmay_misc_feat_more_columns, corexii_leaking_fountain, uniq_menkaure
D:5:      layout_basic, uniq_sigmund, uniq_pikel, uniq_edmund
D:6:      layout_basic, serial_shops, shop
D:7:      layout_loops_ring, old_standard_altar,
          gammafunk_temple_overflow_statue, minmay_temple_entry_slanted,
          serial_shops, shop_statue, nicolae_ossuary_entry_monument,
          doesnt_shop_hydraphobe
D:8:      layout_loops_ring, grunt_qazlal_clouds, overflow_temple_1_default,
          eino_jars, uniq_psyche, uniq_grum
D:9:      layout_basic, lemuel_tele_altar, nicolae_ru_awakened_eye, minitemple
D:10:     layout_irregular_city, serial_shops, shop_statue
D:11:     layout_roguey [special_room_orc], dpeg_lair_monsters, david_orc_3,
          grunt_decor_arrowhead, amcnicky_mini_corridor_feature
Temple:   corrupted_temple
Lair:1:   layout_misc_corridors, uniq_sonja

Skill      XL: |  1  2  3  4  5  6  7  8  9 10 11 12 |
---------------+-------------------------------------+-----
Conjurations   | 6 7 8 9 10 11 | 11.5
Necromancy     | 1 2 4 5 6 7 8 |  8.0
Spellcasting   | 3 4 5 6 7 |  7.8
Stealth        | 3 4 5 6 7 |  7.6
Fighting       | 1 2 3 4 5 6 |  6.0
Dodging        | 3 4 5 7 |  7.2
Short Blades   | 1 3 4 5 |  5.9
Evocations     | 1 2 4 5 |  5.6
Air Magic      | 1 2 |  2.4
Polearms       | 1 2 |  2.0
Poison Magic   | |  0.8

Action                   |  1- 3 |  4- 6 |  7- 9 | 10-12 || total
-------------------------+-------+-------+-------+-------++-------
Melee: Unarmed           |    12 |       |       |       ||    12
       Kick              |     3 |     1 |    31 |    22 ||    57
       Dagger            |     1 |     2 |       |       ||     3
       Short sword       |       |    12 |   147 |    86 ||   245
       Peck              |       |       |    14 |    15 ||    29
       Lajatang          |       |       |       |     6 ||     6
 Cast: Magic Dart        |    73 |   109 |    84 |   195 ||   461
       Searing Ray       |     4 |     9 |    29 |    73 ||   115
       Vampiric Draining |       |       |       |     9 ||     9
       Static Discharge  |       |       |       |     7 ||     7
Evoke: Lightning rod     |       |       |     4 |     6 ||    10
       Wand              |       |       |       |     3 ||     3
  Use: Scroll            |       |    10 |     3 |    20 ||    33
       Potion            |       |       |       |     3 ||     3
 Stab: Sleeping          |       |       |     4 |     3 ||     7
Armor: Robe              |     8 |     4 |    17 |    40 ||    69
Dodge: Dodged            |    37 |    59 |   132 |   321 ||   549

Table legend: (Time is in decaauts)
 A = Elapsed time spent in this place.
 B = Non-inter-level travel time spent in this place.
 C = Inter-level travel time spent in this place.
 D = Time resting spent in this place.
 E = Time spent auto-exploring this place.
 F = Levels seen in this place.
 G = Mean time per level.
                   A        B        C        D        E       F      G
               +--------+--------+--------+--------+--------+-----+--------+
         Total |  25765 |  25121 |    644 |  15014 |   7042 |  14 | 1840.4 |
       Dungeon |  24759 |  24153 |    606 |  14297 |   7019 |  11 | 2250.8 |
        Temple |     77 |     40 |     37 |      0 |     22 |   1 |   77.0 |
          Lair |     23 |     23 |      0 |      0 |      0 |   1 |   23.0 |
       Ossuary |    905 |    905 |      0 |    717 |      0 |   1 |  905.0 |
               +--------+--------+--------+--------+--------+-----+--------+

Top non-repeatable levels by time:
    D:11: 2838 daAuts
     D:7: 2819 daAuts
     D:8: 2526 daAuts
     D:9: 2487 daAuts
    D:10: 2465 daAuts
     D:4: 2359 daAuts
     D:2: 2339 daAuts
     D:6: 2328 daAuts
     D:5: 1910 daAuts
     D:3: 1430 daAuts
     D:1: 1252 daAuts
 Ossuary: 905 daAuts
  Temple: 77 daAuts
  Lair:1: 23 daAuts
